 Dungeon Crawl Stone Soup version 0.30.1-11-g7821555f0a (webtiles) character file.

Game seed: 6832961224421080266

18508 Ekaitz the Zephyrmancer (level 12, 0/71 HPs)
             Began as a Tengu Air Elementalist on Dec 20, 2023.
             Was an Elder of Vehumet.
             Slain by an elephant (8 damage)
             ... on level 1 of the Lair of Beasts.
             The game lasted 00:31:40 (16485 turns).

Ekaitz the Zephyrmancer (Tengu Air Elementalist)   Turns: 16485, Time: 00:31:41

Health: 0/71       AC:  4    Str:  9    XL:     12   Next: 59%
Magic:  4/33       EV: 25    Int: 20    God:    Vehumet [****..]
Gold:   602        SH:  0    Dex: 20    Spells: 6/26 levels left

rFire   . . .        c - staff of cold "Dastry" {rC+ Int+2 Dex+3}
rCold   + . .        (no shield)
rNeg    . . .        E - +2 robe {Will+}
rPois   .            (helmet restricted)
rElec   .            (no cloak)
rCorr   .            (no gloves)
SInv    .            (boots unavailable)
Will    +....        (no amulet)
Stlth   +++          S - ring of magical power
HPRegen 0.31/turn    z - +5 ring of evasion
MPRegen 0.23/turn

%: no passive effects
@: flying quickly and evasively, quick
A: beak, talons 3, nimble flight
a: Renounce Religion


You were on level 1 of the Lair of Beasts.
You worshipped Vehumet.
Vehumet was greatly pleased with you.
You visited 3 branches of the dungeon, and saw 14 of its levels.

You collected 602 gold pieces.

Inventory:

Hand Weapons
 a - a +5 morningstar of freezing
 b - a +5 scimitar
 f - a +2 dagger of speed
 K - a +4 dagger
Missiles
 p - 12 poisoned darts
 I - a curare-tipped dart
Armour
 E - a +2 robe of willpower (worn)
 G - a +1 leather armour of cold resistance
 R - a +0 troll leather armour
Magical Staves
 c - the staff of cold "Dastry" (weapon) {rC+ Int+2 Dex+3}
   (You found it on level 3 of the Dungeon)

   [staff of cold]

   Base accuracy: +5 Base damage: 5 Base attack delay: 1.2 This weapon's minimum
   attack delay (0.6) is reached at skill level 12.
   Int:       It affects your intelligence (+2).
   Dex:       It affects your dexterity (+3).
   rC:        It protects you from cold.
   It falls into the 'Staves' category.
   It is a one-handed weapon.
Jewellery
 w - a ring of protection from fire
 z - a +5 ring of evasion (right hand)
 B - a ring of fire
 N - a ring of fire
 Q - a ring of willpower
 S - a ring of magical power (left hand)
 U - a ring of ice
 X - a +5 ring of evasion
Wands
 y - a wand of flame (45)
 O - a wand of polymorph (13)
 V - a wand of paralysis (6)
 W - a wand of digging (7)
Scrolls
 g - 9 scrolls of teleportation {unknown}
 k - a scroll of fog {unknown}
 l - 4 scrolls of blinking {unknown}
 n - 5 scrolls of magic mapping {unknown}
 q - 9 scrolls of vulnerability {unknown}
 r - a scroll of silence {unknown}
 s - 16 scrolls of identify {unknown}
 t - 2 scrolls of noise {unknown}
 u - 7 scrolls of fear {unknown}
 F - a scroll of torment {unknown}
 H - a scroll of enchant armour {unknown}
 J - a scroll of butterflies {unknown}
 L - a scroll of enchant weapon {unknown}
 M - a scroll of amnesia {unknown}
 P - a scroll of brand weapon {unknown}
 Y - 2 scrolls of poison {unknown}
Potions
 d - 4 potions of might {unknown}
 e - a potion of berserk rage {unknown}
 h - a potion of flight {unknown}
 i - a potion of cancellation {unknown}
 j - a potion of invisibility {unknown}
 m - 3 potions of degeneration {unknown}
 o - 2 potions of haste
 v - 5 potions of heal wounds {unknown}
 x - 4 potions of mutation {unknown}
 A - a potion of magic
 C - 2 potions of curing {unknown}
 D - a potion of lignification {unknown}
 T - 2 potions of attraction {unknown}


   Skills:
 * Level 6.6 Fighting
 + Level 0.5 Staves
 * Level 6.9 Dodging
 + Level 3.1 Stealth
 + Level 7.9 Spellcasting
 * Level 9.4 Conjurations
 + Level 0.6 Translocations
 * Level 5.0 Ice Magic
 * Level 14.2 Air Magic
 + Level 6.1 Poison Magic
 * Level 5.4 Evocations


You had 6 spell levels left.
You knew the following spells:

 Your Spells              Type           Power      Damage    Failure   Level
a - Shock                 Conj/Air       100%       1d9       1%          1
b - Static Discharge      Conj/Air       100%       2-7/arc   1%          2
c - Swiftness             Air            59%        N/A       1%          3
d - Airstrike             Air            29%        2d(5-21)  1%          4
e - Poisonous Vapours     Pois/Air       96%        N/A       1%          2
f - Iskenderun's Mystic   Conj/Tloc      27%        2d7       3%          4
g - Olgreb's Toxic Radia  Pois           32%        N/A       1%          4

Your spell library contained the following spells:

 Spells                   Type           Power      Damage    Failure   Level
 Freeze                   Ice            100%       1d10      1%          1
 Magic Dart               Conj           100%       1d8       1%          1
 Frozen Ramparts          Ice            84%        1d13      1%          3
 Hailstorm                Conj/Ice       53%        3d12      1%          3
 Mephitic Cloud           Conj/Pois/Air  47%        N/A       1%          3
 Stone Arrow              Conj/Erth      52%        3d10      1%          3
 Sandblast                Erth           14%        2d6       2%          1
 Sting                    Tmut/Pois      80%        1d7       2%          1
 Call Imp                 Summ           14%        N/A       13%         2
 Passwall                 Tmut/Erth      5%         N/A       13%         2
 Silence                  Hex/Air        18%        N/A       13%         5
 Passage of Golubria      Tloc           10%        N/A       54%         4
 Lehudib's Crystal Spear  Conj/Erth      13%        10d4      100%        8


Dungeon Overview and Level Annotations

Branches:
Dungeon (11/15)            Temple (1/1) D:5            Lair (2/5) D:8
  Swamp: Lair:2-3    Shoals: Lair:2-3     Snake: Lair:2-3    Spider: Lair:2-3
    Orc: D:9-12

Altars:
Ashenzari
Cheibriados
Dithmenos
Elyvilon
Fedhas
Gozag
Hepliaklqana
Kikubaaqudgha
Makhleb
Nemelex Xobeh
Okawaru
Qazlal
Ru
Sif Muna
Trog
Uskayaw
Vehumet
Wu Jian
Xom
Yredelemnul
Zin
The Shining One

Shops:
D:5 *   D:8 :   D:10 [

Annotations:
D:8 2 transporters
D:10 exclusion: 2 doors


Innate Abilities, Weirdness & Mutations

You have a beak for a mouth.
You have claws for feet.
Your magical nature lets you fly swiftly and evasively.


Message History

Vehumet accepts your kill. The elephant closely misses you.
The elephant misses you.
Unknown command.
Casting: Static Discharge (safe; 1% risk of failure)
Confirm with . or Enter, or press ? or * to list all spells.
The elephant is struck by an arc of lightning.
The elephant is heavily wounded.
The elephant is struck by an arc of lightning.
The elephant is severely wounded.
The lightning grounds out.
The elephant is struck by an arc of lightning.
The elephant is severely wounded.
You are struck by an arc of lightning.
The elephant is struck by an arc of lightning.
The elephant is heavily wounded.
The lightning grounds out.
The elephant tramples you!
You hold your ground!
The elephant trunk-slaps you but does no damage.
Unknown command.
The elephant completely misses you. The elephant misses you.
The elephant tramples you!!
* * * LOW HITPOINT WARNING * * *
You hold your ground!
The elephant closely misses you.
You fly upwards.
There is a stone staircase leading down here.
Unknown command.
Casting: Static Discharge (safe; 1% risk of failure)
Confirm with . or Enter, or press ? or * to list all spells.
You erupt in a blast of force!
The mystic blast hits the elephant.
The elephant is severely wounded.
The elephant is knocked back by the mystic blast.
The mystic blast hits the elephant but does no damage.
The elephant is almost dead.
The mystic blast hits the elephant.
You kill the elephant!
Vehumet accepts your kill.
The mystic blast hits the elephant.
The elephant is almost dead.
The elephant is knocked back by the mystic blast.
The elephant tramples you!
You die...

..######............# ####...##
.#.##.##............#####.##..#.#
.................................
.................................
.................................
.................................
..............Y..................
...(.........................>...
...............Y@.Y..............
.................................
.......................[.........
.......<.....###.##.#............
.......)|....##.####.............
.................................
.................................
.##########P..#########...###.#P#
.#####.#.##....#.####.##....#.###


You could see 3 elephants.

Vanquished Creatures
  3 two-headed ogres
  A centaur warrior (D:11)
  Pikel (D:7)
  A cyclops (D:11)
  A black mamba (Lair:1)
  2 elephants
  2 cane toads (Lair:1)
  A gargoyle (D:11)
  4 komodo dragons
  3 trolls
  5 blink frogs (Lair:1)
  2 hornets
  Grinder (D:5)
  A shadow (D:6)
  A wraith (D:11)
  28 yaks
  A wyvern (D:10)
  3 basilisks (Lair:1)
  A steam dragon (D:9)
  Menkaure (D:7)
  2 water moccasins
  Duvessa (D:7)
  A hornet zombie (D:6)
  4 ice beasts
  3 orc warriors
  2 black bears
  2 ogres
  7 wolves
  2 centaurs
  3 phantoms
  2 kobold brigands
  5 bullfrogs
  2 scorpions
  A water moccasin zombie (D:6)
  7 wights
  2 water moccasin skeletons (D:6)
  Dowan (D:7)
  A troll skeleton (D:10)
  3 spriggan skeletons (D:10)
  2 electric eels (D:8)
  A centaur zombie (D:6)
  A bullfrog zombie (D:6)
  2 gnoll boudas
  11 hounds
  2 jellies (D:6)
  9 orc priests
  3 bullfrog skeletons (D:6)
  2 centaur skeletons (D:6)
  2 iguanas
  4 sleepcaps
  Jessica (D:3)
  11 orc wizards
  A killer bee zombie (D:6)
  3 howler monkey zombies (D:6)
  14 gnolls
  5 adders
  A shadow imp (D:8)
  A white imp (D:5)
  2 ufetubi
  A worm (D:4)
  A dart slug (D:1)
  43 orcs
  4 bats
  8 endoplasms
  3 giant cockroaches
  12 goblins
  13 hobgoblins
  4 jackals (D:1)
  16 kobolds
  2 quokkas
  9 ball pythons
  4 frilled lizards
  3 rats
315 creatures vanquished.

Notes
Turn   | Place    | Note
-------+----------+-------------------------------------------
     0 | D:1      | Ekaitz the Tengu Air Elementalist began the quest for the
                  | Orb.
     0 | D:1      | Reached XP level 1. HP: 10/10 MP: 4/4
   163 | D:1      | Reached XP level 2. HP: 15/15 MP: 1/6
   449 | D:1      | Learned a level 2 spell: Static Discharge
   582 | D:1      | Reached XP level 3. HP: 20/20 MP: 4/7
   586 | D:1      | Learned a level 3 spell: Swiftness
   651 | D:1      | Reached skill level 5 in Air Magic
  1520 | D:2      | Found a faded altar of an unknown god.
  1703 | D:2      | Reached skill level 1 in Fighting
  1739 | D:2      | Reached XP level 4. HP: 25/25 MP: 5/8
  2498 | D:3      | Identified the staff of cold "Dastry" {rC+ Int+2 Dex+3}
  2511 | D:3      | Noticed Jessica
  2514 | D:3      | Killed Jessica
  2515 | D:3      | Gained mutation: Your magical nature lets you fly swiftly
                  | and evasively. [Tengu growth]
  2515 | D:3      | Reached XP level 5. HP: 29/29 MP: 6/9
  3449 | D:4      | Noticed a phantom
  3474 | D:4      | Killed a phantom
  3475 | D:4      | Reached skill level 6 in Air Magic
  3475 | D:4      | Reached XP level 6. HP: 27/34 MP: 0/11
  3656 | D:4      | Learned a level 4 spell: Airstrike
  3779 | D:4      | Reached skill level 1 in Evocations
  4223 | D:4      | Reached XP level 7. HP: 37/40 MP: 6/12
  4228 | D:4      | Learned a level 2 spell: Poisonous Vapours
  4467 | D:5      | Entered Level 5 of the Dungeon
  4731 | D:5      | Found a basalt altar of Yredelemnul.
  4749 | D:5      | Reached skill level 7 in Air Magic
  4937 | D:5      | Reached skill level 5 in Conjurations
  4937 | D:5      | Reached skill level 1 in Ice Magic
  5074 | D:5      | Noticed Grinder
  5077 | D:5      | Killed Grinder
  5078 | D:5      | Reached skill level 1 in Poison Magic
  5078 | D:5      | Reached XP level 8. HP: 45/45 MP: 1/14
  5216 | D:5      | Reached skill level 8 in Air Magic
  5697 | D:5      | Found Zesic's Neck Hole.
  5920 | D:5      | Found a staircase to the Ecumenical Temple.
  5929 | Temple   | Entered the Ecumenical Temple
  6066 | Temple   | Became a worshipper of Vehumet
  6694 | D:6      | Reached XP level 9. HP: 44/50 MP: 14/17
  6984 | D:6      | Reached skill level 9 in Air Magic
  7136 | D:6      | Reached skill level 5 in Spellcasting
  7415 | D:6      | Found an iron altar of Okawaru.
  7584 | D:6      | Reached * piety under Vehumet
  7584 | D:6      | Offered knowledge of Kiss of Death by Vehumet.
  7728 | D:6      | Found a stormy altar of Qazlal.
  7744 | D:6      | Found a glowing golden altar of the Shining One.
  8060 | D:7      | Reached skill level 10 in Air Magic
  8339 | D:7      | Found an ancient bone altar of Kikubaaqudgha.
  8472 | D:7      | Noticed a hornet
  8476 | D:7      | Killed a hornet
  8477 | D:7      | Reached XP level 10. HP: 52/56 MP: 8/19
  8579 | D:7      | Noticed Pikel
  8589 | D:7      | Killed Pikel
  8590 | D:7      | Reached skill level 5 in Dodging
  8927 | D:7      | Noticed Menkaure
  8932 | D:7      | Killed Menkaure
  8985 | D:7      | Noticed Duvessa
  8985 | D:7      | Noticed Dowan
  8999 | D:7      | Killed Duvessa
  9001 | D:7      | Killed Dowan
  9821 | D:8      | Reached skill level 11 in Air Magic
  9821 | D:8      | Offered knowledge of Scorch by Vehumet.
  9835 | D:8      | Reached ** piety under Vehumet
 10313 | D:8      | Found Viasyrph's Tremendous Tomes.
 10525 | D:8      | Found a white marble altar of Elyvilon.
 10539 | D:8      | Reached skill level 5 in Fighting
 10578 | D:8      | Found a staircase to the Lair.
 10626 | D:8      | Offered knowledge of Volatile Blastmotes by Vehumet.
 10876 | D:8      | Found a hazy altar of Hepliaklqana.
 10896 | D:8      | Found an ornate altar of the Wu Jian Council.
 10896 | D:8      | Noticed a six-headed hydra
 10898 | D:8      | Noticed a boulder beetle
 10898 | D:8      | Noticed a two-headed ogre
 10899 | D:8      | Found a transporter.
 10900 | D:8      | Noticed a cyclops
 10909 | D:8      | Found a transporter.
 11322 | D:9      | Found a hide-covered altar of Uskayaw.
 11433 | D:9      | Reached XP level 11. HP: 63/63 MP: 11/21
 11569 | D:9      | Reached skill level 12 in Air Magic
 11598 | D:9      | Reached *** piety under Vehumet
 11915 | D:9      | Noticed a two-headed ogre
 11922 | D:9      | Killed a two-headed ogre
 12026 | D:9      | Noticed a two-headed ogre
 12043 | D:9      | Killed a two-headed ogre
 12379 | D:10     | Entered Level 10 of the Dungeon
 13027 | D:10     | Found a burning altar of Makhleb.
 13029 | D:10     | Found Boffesin's Armour Shoppe.
 13343 | D:10     | Reached skill level 13 in Air Magic
 13508 | D:11     | Reached skill level 5 in Poison Magic
 13512 | D:11     | Offered knowledge of Inner Flame by Vehumet.
 14225 | D:11     | Noticed a cyclops
 14232 | D:11     | Killed a cyclops
 14335 | D:11     | Noticed a two-headed ogre
 14362 | D:11     | Killed a two-headed ogre
 14569 | D:11     | Noticed a centaur warrior
 14577 | D:11     | Killed a centaur warrior
 14578 | D:11     | Reached XP level 12. HP: 5/70 MP: 19/24
 14885 | Lair:1   | Entered Level 1 of the Lair of Beasts
 14893 | D:8      | Learned a level 4 spell: Olgreb's Toxic Radiance
 15121 | Lair:1   | Reached **** piety under Vehumet
 15199 | Lair:1   | Offered knowledge of Iskenderun's Mystic Blast by Vehumet.
 15200 | Lair:1   | Reached skill level 14 in Air Magic
 15205 | Lair:1   | Learned a level 4 spell: Iskenderun's Mystic Blast
 15328 | Lair:1   | Reached skill level 5 in Evocations
 15838 | Lair:1   | Reached skill level 5 in Ice Magic
 16485 | Lair:1   | Slain by an elephant

Illustrated notes

Levels and vault maps discovered:
D:1:      dpeg_arrival_rooms_a, layout_basic, chequers_big_river,
          minmay_hexomino_f4
D:2:      layout_loops_cross, nicolae_ecumenical_pavilion,
          minmay_increasing_density
D:3:      layout_basic, uniq_jessica
D:4:      layout_gridville
D:5:      layout_cave_pools, lemuel_crystal_altar, temple_hall,
          amcnicky_mini_rare_corridor_liquid, nicolae_shop_sticking_my_neck_out,
          uniq_grinder
D:6:      layout_rooms, general_overflow_altar, mainiacjoe_overflow_swirl,
          serial_undead, serial_undead_b, serial_undead_b, serial_undead_d,
          serial_undead_a, serial_undead_d, serial_undead_e
D:7:      layout_layer_cave, nicolae_overflow_crystal_walls,
          nicolae_figureground_pulse, uniq_pikel, uniq_menkaure, uniq_duvessa
D:8:      layout_basic, gammafunk_temple_overflow_arena,
          mainiacjoe_overflow_brackets, mainiacjoe_overflow_six_doors_small,
          erik_lair_island, nicolae_shop_i_like_big_books,
          minmay_misc_feat_rows, serial_park_tiny_1, serial_bayou_crossing
D:9:      layout_small_grid, lemuel_crystal_altar
D:10:     layout_irregular_city, mainiacjoe_overflow_small_starburst,
          serial_shops, shop, hangedman_tell_no_tales
D:11:     layout_roguey
Temple:   nicolae_temple_bog_church
Lair:1:   layout_long_grid
Lair:2:   layout_small_grid, minmay_swamp_entry_reptiles,
          ebering_ghost_disaster_area

Skill      XL: |  1  2  3  4  5  6  7  8  9 10 11 12 |
---------------+-------------------------------------+-----
Air Magic      | 5 6 7 8 10 11 13 14 | 14.2
Conjurations   | 2 3 4 5 6 7 8 9 |  9.4
Fighting       | 1 2 3 4 5 6 |  6.6
Dodging        | 3 4 5 6 |  6.9
Spellcasting   | 3 4 5 6 7 |  7.9
Evocations     | 1 2 3 4 5 |  5.4
Ice Magic      | 1 2 3 4 5 |  5.0
Poison Magic   | 1 2 3 4 5 6 |  6.1
Stealth        | 3 |  3.1
Staves         | |  0.5
Translocations | |  0.6

Action                     |  1- 3 |  4- 6 |  7- 9 | 10-12 || total
---------------------------+-------+-------+-------+-------++-------
  Melee: Dagger            |     7 |     5 |       |     1 ||    13
         Peck              |     2 |       |    11 |     9 ||    22
         Punch             |       |     1 |       |       ||     1
         Staff             |       |     3 |    25 |    25 ||    53
         Kick              |       |     2 |    12 |    11 ||    25
         Morningstar       |       |       |       |     6 ||     6
   Cast: Shock             |    64 |    97 |   178 |   153 ||   492
         Static Discharge  |       |    11 |    22 |    37 ||    70
         Airstrike         |       |     2 |    29 |   103 ||   134
         Poisonous Vapours |       |       |    24 |    93 ||   117
         Olgreb's Toxic Ra |       |       |       |    12 ||    12
         Iskenderun's Myst |       |       |       |     4 ||     4
   Stab: Sleeping          |     2 |     3 |       |     1 ||     6
 Armour: Robe              |     4 |     1 |     4 |    11 ||    20
         Skin              |       |       |       |     1 ||     1
  Dodge: Dodged            |    13 |    21 |   107 |   143 ||   284
